 Dungeon Crawl Stone Soup version 0.25.0-9-g26727b657a (webtiles) character file.

Game seed: 13809640134082574920

13489 Dirian the Carver (level 11, -28/99 HPs)
             Began as a Minotaur Fighter on June 17, 2020.
             Was a High Priest of Zin.
             Annihilated by Frances
             ... wielding a +0 flail
              (39 damage)
             ... on level 12 of the Dungeon.
             The game lasted 00:27:27 (12014 turns).

Dirian the Carver (Minotaur Fighter)               Turns: 12014, Time: 00:27:28

Health: -28/99     AC: 14    Str: 24    XL:     11   Next: 76%
Magic:  15/16      EV:  7    Int:  7    God:    Zin [*****.]
Gold:   698        SH: 18    Dex: 14    Spells: 10/10 levels left

rFire    . . .     SeeInvis +   a - +1 long sword
rCold    + . .     Gourm    .   c - +1 kite shield
rNeg     . . .     Faith    .   b - +0 chain mail
rPois    ∞         Spirit   .   y - +0 mask of the Dragon {MR+ Slay+3 SInv}
rElec    .         Reflect  +   v - +0 cloak
rCorr    .         Harm     .   u - +1 pair of gloves
MR       +....                  (no boots)
Stlth    ..........             o - amulet of reflection
HPRegen  0.26/turn              j - ring of protection from cold
MPRegen  0.15/turn              (no ring)

@: vitalised, hasted, very quick
A: retaliatory headbutt, horns 2
a: Recite, Vitalisation, Imprison, Sanctuary, Donate Gold, Renounce Religion


You were on level 12 of the Dungeon.
You worshipped Zin.
Zin was extremely pleased with you.
You were hungry.

You visited 1 branch of the dungeon, and saw 12 of its levels.

You collected 775 gold pieces.
You donated 77 gold pieces to Zin.

Inventory:

Hand Weapons
 a - a +1 long sword (weapon)
Armour
 b - a +0 chain mail (worn)
 c - a +1 kite shield (worn)
 l - a +0 crystal plate armour
 u - a +1 pair of gloves (worn)
 v - a +0 cloak (worn)
 y - the +0 mask of the Dragon (worn) {MR+ Slay+3 SInv}
   (You found it on level 9 of the Dungeon)

   It affects your accuracy and damage with ranged weapons and melee attacks
   (+3).
   It affects your resistance to hostile enchantments.
   It lets you see invisible.
 B - a +0 plate armour
Jewellery
 j - a ring of protection from cold (left hand)
 k - an uncursed ring of ice
 o - an amulet of reflection (around neck)
Wands
 i - a wand of flame (43)
 n - a wand of acid (4)
 p - a wand of disintegration (9)
Scrolls
 m - 3 scrolls of magic mapping
 r - 2 scrolls of identify
 s - a scroll of enchant weapon
 t - 4 scrolls of teleportation
 x - 7 scrolls of remove curse
 z - a scroll of blinking
Potions
 d - 2 potions of ambrosia
 g - 4 potions of magic
 h - a potion of haste
 q - a potion of curing
 A - 2 potions of flight
Comestibles
 e - 21 rations
 f - a chunk of flesh


   Skills:
 + Level 9.9 Fighting
 + Level 14.7 Long Blades
 - Level 8.0 Armour
 - Level 8.2 Shields
 * Level 8.3 Invocations


You had 10 spell levels left.
You didn't know any spells.
Your spell library contained the following spells:

 Spells                   Type           Power        Failure   Level  Hunger
 Animate Skeleton         Necr           N/A          100%        1    ##.....
 Apportation              Tloc           #.....       100%        1    ##.....
 Corona                   Hex            #......      100%        1    ##.....
 Summon Small Mammal      Summ           #...         100%        1    ##.....
 Corpse Rot               Necr/Air       N/A          100%        2    ###....
 Ensorcelled Hibernation  Hex/Ice        #.....       100%        2    ###....
 Poisonous Vapours        Pois/Air       #.....       100%        2    ###....
 Sublimation of Blood     Necr           #.........   100%        2    ###....
 Confusing Touch          Hex            #.......     100%        3    ####...
 Conjure Flame            Conj/Fire      #.......     100%        3    ####...
 Dazzling Flash           Conj/Hex       #.....       100%        3    ####...
 Mephitic Cloud           Conj/Pois/Air  #.......     100%        3    ####...
 Tukima's Dance           Hex            #.......     100%        3    ####...
 Dispel Undead            Necr           #.......     100%        4    #####..
 Agony                    Necr           #.......     100%        5    ######.
 Excruciating Wounds      Chrm/Necr      #.........   100%        5    ######.
 Freezing Cloud           Conj/Ice/Air   #.........   100%        6    #######
 Ring of Flames           Chrm/Fire      #.........   100%        7    #######


Dungeon Overview and Level Annotations

Branches:
Dungeon (12/15)            Temple (0/1) D:7             Orc (0/2) D:9
   Lair: D:8-11

Altars:
Elyvilon
Gozag
Hepliaklqana
Okawaru
Ru
Trog
Uskayaw
Vehumet
Wu Jian
Xom
Yredelemnul
Zin
The Shining One
Jiyva

Shops:
D:7 :

Annotations:
D:12 Frances


Innate Abilities, Weirdness & Mutations

You reflexively headbutt those who attack you in melee.
You have a pair of horns on your head.


Message History

You slash Frances!
Frances is severely wounded. "...those who did not become obedient would be struck down?"
The orange demon stumbles about in disarray.
The iron imp stumbles about in disarray.
The iron imp shouts, "Accept thy failure, thou foppish fob-snatching bounder!"
The quasit is limned with silver light.
You finish reciting Anathema 6:65.
The orange demon stings you from afar!
* * * LOW HITPOINT WARNING * * *
You closely miss Frances. You headbutt Frances.
Frances is severely wounded.
Frances hits you with a +0 flail.
* * * LOW HITPOINT WARNING * * *
You hit Frances. Your headbutt misses Frances.
Frances is severely wounded.
You block the orange demon's attack.
Frances is lost in a daze.
You feel better.
Frances is no longer dazed.
Frances hits you with a +0 flail!!!
You die...

#.........
#.........
#.........
#....o....
#.........
#.4.4..... #5###
#.53######
###o4@@4.#
#########.#####
#.............#
#.............#
#>............#
#...<.........#
#.....>.........
#.............###
#.............#


You could see Frances (fast, strong), 2 orange demons, a neqoxec (summoned), 2
iron imps and an orc priest (paralysed, corona).

Vanquished Creatures
  Harold (D:7)
  The ghost of vogonpoet the Nimble, a novice DEFE of Vehumet (D:10)
  An unseen horror (D:11)
  The ghost of gruber the Whirler, a novice HaHu of Okawaru (D:8)
  Pikel (D:8)
  Maurice (D:9)
  Joseph (D:9)
  A gargoyle (D:9)
  Maggie (D:8)
  2 hornets
  2 slime creatures (D:8)
  A troll (D:10)
  Prince Ribbit (D:7)
  4 hippogriffs
  Sigmund (D:2)
  A wyvern (D:9)
  6 yaks
  Grum (D:11)
  4 hogs (D:7)
  A human (D:7)
  2 hungry ghosts
  Menkaure (D:5)
  A porcupine (D:11)
  A slave (D:8)
  A sky beast (D:10)
  6 orc warriors
  A black bear (D:9)
  A necrophage (D:10)
  2 ice beasts
  6 ogres
  5 centaurs
  An eye of draining (D:9)
  4 wolves (D:11)
  2 phantoms
  A big kobold (D:9)
  5 bullfrogs
  5 scorpions
  6 killer bees
  4 wights (D:9)
  A vampire bat (D:8)
  A howler monkey (D:7)
  8 crimson imps
  A centaur zombie (D:6)
  A bullfrog zombie (D:9)
  6 hounds
  10 jellies
  4 bullfrog skeletons
  Natasha (thrice) (D:2)
  2 iguanas
  6 orc wizards
  7 worker ants
  A hound zombie (D:6)
  2 worker ant zombies
  A gnoll (D:4)
  12 adders
  2 shadow imps
  2 adder skeletons
  2 worms (D:2)
  3 dart slugs
  10 leopard geckos
  37 orcs
  6 giant cockroaches
  7 goblins
  5 hobgoblins
  2 jackals (D:3)
  6 quokkas
  3 ball pythons
  10 bats
  5 frilled lizards
  10 kobolds
  3 quokka skeletons
  11 rats
278 creatures vanquished.

Vanquished Creatures (others)
  A phantom (D:9)
  4 fungi (D:11)
  A plant (D:11)
6 creatures vanquished.

Grand Total: 284 creatures vanquished

Notes
Turn   | Place    | Note
-------+----------+-------------------------------------------
     0 | D:1      | Dirian the Minotaur Fighter began the quest for the Orb.
     0 | D:1      | Reached XP level 1. HP: 19/19 MP: 0/0
   166 | D:1      | Reached XP level 2. HP: 23/27 MP: 1/1
   381 | D:1      | Reached skill level 3 in Long Blades
   548 | D:1      | Reached XP level 3. HP: 33/33 MP: 2/2
   962 | D:2      | Noticed Sigmund
   972 | D:2      | Killed Sigmund
   972 | D:2      | Reached skill level 5 in Long Blades
   972 | D:2      | Reached XP level 4. HP: 8/41 MP: 3/3
   972 | D:2      | Reached XP level 5. HP: 9/47 MP: 4/4
  1323 | D:2      | Found a hazy altar of Hepliaklqana.
  1346 | D:2      | Noticed Natasha
  1350 | D:2      | Killed Natasha
  1413 | D:2      | Found a sacrificial altar of Ru.
  1549 | D:2      | Found a glowing golden altar of the Shining One.
  1667 | D:2      | Found an opulent altar of Gozag.
  1708 | D:2      | Noticed Natasha
  1715 | D:2      | Killed Natasha
  1715 | D:2      | Reached XP level 6. HP: 39/53 MP: 5/5
  1725 | D:2      | Noticed Natasha
  1733 | D:2      | Killed Natasha
  1733 | D:2      | Reached skill level 5 in Shields
  2021 | D:3      | Found a white marble altar of Elyvilon.
  2165 | D:3      | Found a basalt altar of Yredelemnul.
  2173 | D:3      | Found an ornate altar of the Wu Jian Council.
  2175 | D:3      | Found a hide-covered altar of Uskayaw.
  2405 | D:4      | Reached skill level 6 in Long Blades
  2499 | D:4      | Found a shimmering altar of Xom.
  2502 | D:4      | Found a shimmering altar of Xom.
  2502 | D:4      | Found a shimmering altar of Xom.
  2503 | D:4      | Found a shimmering altar of Xom.
  2503 | D:4      | Found a shimmering altar of Xom.
  2507 | D:4      | Reached skill level 5 in Armour
  2513 | D:4      | Found a shimmering altar of Xom.
  2513 | D:4      | Found a shimmering altar of Xom.
  2583 | D:4      | Reached XP level 7. HP: 60/60 MP: 6/6
  2652 | D:4      | Reached skill level 7 in Long Blades
  2713 | D:4      | Found a radiant altar of Vehumet.
  2810 | D:4      | Found a glowing silver altar of Zin.
  3028 | D:4      | Became a worshipper of Zin the Law-Giver
  3028 | D:4      | Reached * piety under Zin
  3038 | D:5      | Entered Level 5 of the Dungeon
  3406 | D:5      | Noticed Menkaure
  3412 | D:5      | Killed Menkaure
  3412 | D:5      | Reached skill level 1 in Invocations
  3538 | D:5      | Reached skill level 5 in Fighting
  3538 | D:5      | Reached skill level 8 in Long Blades
  4208 | D:6      | Reached XP level 8. HP: 67/68 MP: 8/8
  4329 | D:6      | Found an iron altar of Okawaru.
  4375 | D:6      | Found a hazy altar of Hepliaklqana.
  4534 | D:6      | Reached ** piety under Zin
  4634 | D:6      | Reached skill level 9 in Long Blades
  4714 | D:6      | Found a bloodstained altar of Trog.
  5167 | D:7      | Noticed Harold
  5178 | D:7      | Noticed a hippogriff
  5387 | D:7      | Noticed a hornet
  5391 | D:7      | Paralysed by a hornet for 2 turns
  5400 | D:7      | Killed a hornet
  5711 | D:7      | Killed Harold
  5711 | D:7      | Reached skill level 10 in Long Blades
  5711 | D:7      | Reached XP level 9. HP: 21/75 MP: 10/10
  6296 | D:7      | Reached skill level 11 in Long Blades
  6617 | D:7      | Noticed Prince Ribbit
  6630 | D:7      | Killed Prince Ribbit
  6854 | D:7      | Reached XP level 10. HP: 71/84 MP: 12/12
  7169 | D:7      | Found a staircase to the Ecumenical Temple.
  7498 | D:7      | Found Vaots's Book Shoppe.
  7656 | D:8      | You fall into a shaft and drop 2 floors!
  7656 | D:10     | Entered Level 10 of the Dungeon
  7759 | D:10     | Reached skill level 5 in Invocations
  7842 | D:9      | Noticed Joseph
  7865 | D:9      | Killed Joseph
  7865 | D:9      | Reached skill level 12 in Long Blades
  8110 | D:8      | Reached *** piety under Zin
  8398 | D:8      | Noticed Pikel
  8419 | D:8      | Killed Pikel
  8849 | D:8      | Noticed Maggie
  8859 | D:8      | Killed Maggie
  8859 | D:8      | Reached skill level 13 in Long Blades
  8892 | D:8      | Found a runed translucent gate.
  8911 | D:8      | Found a runed translucent gate.
  8912 | D:8      | Found a runed translucent gate.
  8912 | D:8      | Noticed gruber's ghost (novice HaHu)
  8914 | D:8      | Found a viscous altar of Jiyva.
  9227 | D:9      | Found a sacrificial altar of Ru.
  9238 | D:9      | Noticed a gargoyle
  9240 | D:9      | Found the +0 mask of the Dragon {MR+ Slay+3 SInv}
  9276 | D:9      | HP: 4/88 [gargoyle/stone arrow (23)]
  9283 | D:9      | HP: 3/88 [poisoned by a worker ant]
  9289 | D:9      | HP: 3/88 [poisoned by a worker ant]
  9706 | D:9      | Reached **** piety under Zin
  9839 | D:9      | Found a staircase to the Orcish Mines.
  9895 | D:9      | Noticed Maurice
  9902 | D:9      | Killed Maurice
 10239 | D:9      | Killed a gargoyle
 10239 | D:9      | Reached XP level 11. HP: 85/94 MP: 14/14
 10605 | D:10     | Found a runed translucent gate.
 10605 | D:10     | Found a runed translucent gate.
 10605 | D:10     | Found a runed translucent gate.
 10605 | D:10     | Found an opulent altar of Gozag.
 10606 | D:10     | Noticed vogonpoet's ghost (novice DEFE)
 10756 | D:10     | Reached ***** piety under Zin
 10938 | D:8      | Killed gruber's ghost
 11206 | D:10     | Killed vogonpoet's ghost
 11206 | D:10     | Reached skill level 14 in Long Blades
 11447 | D:11     | Noticed Grum
 11476 | D:11     | Killed Grum
 11605 | D:11     | Noticed a six-headed hydra
 11614 | D:11     | Noticed an unseen horror
 11822 | D:11     | Noticed a five-headed hydra
 11895 | D:11     | Killed an unseen horror
 11981 | D:12     | Noticed Frances
 12011 | D:12     | HP: 4/99 [orange demon[Frances] (7)]
 12014 | D:12     | Annihilated by Frances

Illustrated notes

Levels and vault maps discovered:
D:1:      ncdulo_smallfort, layout_basic
D:2:      layout_rooms, nicolae_overflow_hidden_temple, marbit_many_paths,
          lemuel_crystal_altar, tso_metal_star, uniq_natasha, uniq_sigmund
D:3:      layout_basic, old_standard_altar, grunt_temple_overflow_open
D:4:      cheibrodos_old_hovel, layout_rooms, vehumet_altar_wand_db,
          nicolae_xom_altar_mimics, lemuel_doored_altar
D:5:      layout_loops_corners, first_ration, uniq_menkaure
D:6:      minmay_evil_eye, layout_loops_corners, kennysheep_mini_moat,
          basic_altar, okawaru_gym_becter
D:7:      layout_gridville, minmay_temple_entry_junction, serial_shops,
          nicolae_shop_waterfront, grunt_livestock, uniq_harold,
          uniq_prince_ribbit1
D:8:      layout_loops_ring, gammafunk_ghost_ooze, roderic_batcave, uniq_maggie,
          uniq_pikel
D:9:      layout_roguey, hiddenorc1_lemuel, basic_altar, uniq_joseph,
          uniq_maurice
D:10:     layout_rooms, ebering_ghost_gozag
D:11:     minmay_blocky_corners, layout_cross, grunt_lair_entry_orc_guard_hut,
          nicolae_benzene_ring, st_stairs_8, kennysheep_pointless_box, uniq_grum
D:12:     layout_roguey, enter_trove_6, uniq_frances

Skill      XL: |  1  2  3  4  5  6  7  8  9 10 11 |
---------------+----------------------------------+-----
Shields        | 4 5 7 8 |  8.2
Fighting       | 4 5 6 8 9 |  9.9
Long Blades    | 3 5 6 8 10 11 13 14 | 14.7
Armour         | 4 5 6 7 8 |  8.0
Invocations    | 1 3 4 6 8 |  8.3

Action                   |  1- 3 |  4- 6 |  7- 9 | 10-12 || total
-------------------------+-------+-------+-------+-------++-------
Melee: Long sword        |    97 |   109 |   304 |   537 ||  1047
       Headbutt          |    19 |    17 |    61 |   106 ||   203
Invok: Recite            |       |       |     5 |    16 ||    21
       Vitalisation      |       |       |     1 |     2 ||     3
       Imprison          |       |       |       |     1 ||     1
Evoke: Wand              |       |       |       |     1 ||     1
  Use: Potion            |     1 |       |     2 |     4 ||     7
       Scroll            |       |     9 |     8 |     6 ||    23
 Stab: Invisible         |       |       |       |     6 ||     6
       Confused          |       |       |       |     3 ||     3
       Paralysed         |       |       |       |     1 ||     1
  Eat: Chunk             |       |     6 |    10 |    11 ||    27
       Ration            |       |       |     1 |     3 ||     4
Armor: Scale mail        |    42 |    33 |    61 |    31 ||   167
       Chain mail        |       |       |       |    67 ||    67
       Steam dragon scal |       |       |       |     1 ||     1
Dodge: Dodged            |    25 |    28 |    52 |    63 ||   168
Block: Kite shield       |    59 |    52 |   189 |   353 ||   653
       Reflection        |       |       |    16 |    19 ||    35
       Rpst.: Long sword |     8 |     7 |     9 |    14 ||    38
